 Dungeon Crawl Stone Soup version 0.30-a0-737-gf23d94013f (webtiles) character file.

Game seed: 4294325057200972634

407 retardedninja the Covered (level 6, -2/40 HPs)
             Began as a Gargoyle Fighter on Feb 2, 2023.
             Slain by a wight
             ... wielding a +0 dire flail
              (9 damage)
             ... on level 3 of the Dungeon.
             The game lasted 00:04:28 (2523 turns).

retardedninja the Covered (Gargoyle Fighter)        Turns: 2523, Time: 00:04:28

Health: -2/40      AC: 12    Str: 21    XL:     6   Next: 88%
Magic:  6/6        EV:  9    Int:  9    God:
Gold:   129        SH:  4    Dex:  9    Spells: 5/5 levels left

rFire   . . .      SeeInvis .    a - +0 flail
rCold   . . .      Faith    .    c - +0 buckler
rNeg    + . .      Spirit   .    b - +0 scale mail
rPois   ∞          Reflect  .    p - +0 helmet
rElec   +          Harm     .    (no cloak)
rCorr   .          Rampage  .    (no gloves)
Will    .....                    (no boots) Stlth
                                 i - amulet of the acrobat
HPRegen 0.26/turn                (no ring)
MPRegen 0.10/turn                (no ring)

@: no status effects
A: sickness immunity, AC +4, negative energy resistance 1, electricity
resistance, torment resistance 1, petrification resistance
a: no special abilities


You were on level 3 of the Dungeon.
You visited 1 branch of the dungeon, and saw 4 of its levels.

You collected 129 gold pieces.

Inventory:

Hand Weapons
 a - a +0 flail (weapon)
Missiles
 m - a boomerang (quivered)
 r - a throwing net
Armour
 b - a +0 scale mail (worn)
 c - a +0 buckler (worn)
 p - a +0 helmet (worn)
Jewellery
 i - an amulet of the acrobat (around neck)
 j - a ring of magical power
Wands
 n - a wand of digging (6)
Scrolls
 g - a scroll of poison {unknown}
 h - a scroll of teleportation {unknown}
 k - 3 scrolls of identify {unknown}
 o - a scroll of brand weapon {unknown}
 t - a scroll of torment {unknown}
 v - a scroll of fog {unknown}
Potions
 d - a potion of magic {unknown}
 e - a potion of ambrosia {unknown}
 f - a potion of resistance {unknown}
 l - 3 potions of attraction {unknown}
 q - a potion of flight {unknown}
 s - 2 potions of lignification {unknown}
 u - a potion of invisibility {unknown}


   Skills:
 + Level 4.9 Fighting
 + Level 3.9 Maces & Flails
 + Level 5.0 Armour
 + Level 4.9 Shields


You had 5 spell levels left.
You didn't know any spells.
Your spell library contained the following spells:

 Spells                   Type           Power      Damage    Failure   Level
 Freeze                   Ice            0%         1d3       80%         1
 Frozen Ramparts          Ice            0%         1d1       99%         3
 Hailstorm                Conj/Ice       0%         3d3       99%         3


Dungeon Overview and Level Annotations

Branches:
Dungeon (4/15)
 Temple: D:4-7

Altars:
Dithmenos
Nemelex Xobeh
Xom


Innate Abilities, Weirdness & Mutations

You are immune to sickness and miasma.
Your stone body is resilient. (AC +4)
You are immune to poison.
You resist negative energy. (rN+)
You are resistant to electric shocks. (rElec)
You are resistant to unholy torment.
You are immune to petrification.


Message History

There is a stone staircase leading down here.
You closely miss the wight.
The wight hits you with a +0 dire flail.
The wight hits you with a +0 falchion.
You barely miss the wight. The wight hits you but does no damage.
The wight hits you with a +0 falchion.
You hit the wight but do no damage. You block the wight's attack.
The wight hits you but does no damage.
You hit the wight.
The wight is moderately damaged.
The wight hits you with a +0 dire flail.
You block the wight's attack. x2; The wight hits you but does no damage.
You hit the wight but do no damage.
The wight is moderately damaged.
The wight hits you with a +0 dire flail.
The wight closely misses you.
You barely miss the wight.
The wight is lightly damaged.
The wight closely misses you. The wight hits you with a +0 falchion.
You closely miss the wight.
The wight is lightly damaged.
The wight hits you but does no damage. You block the wight's attack.
You hit the wight but do no damage.
The wight is lightly damaged.
You block the wight's attack. x2
The wight hits you with a +0 dire flail.
The wight hits you with a +0 falchion!
* * * LOW HITPOINT WARNING * * *
You thump the wight!
The wight is severely damaged.
The wight barely misses you. The wight hits you with a +0 falchion.
* * * LOW HITPOINT WARNING * * *
You hit the wight but do no damage.
The wight is severely damaged.
The wight closely misses you. The wight hits you with a +0 falchion.
* * * LOW HITPOINT WARNING * * *
You completely miss the wight.
The wight is severely damaged.
The wight hits you with a +0 dire flail!
You die...

#.####.####.###........#
#.## #.#
#...............### #.#.
#.# ######.#####....# #...
####.##### #.# ####.# ###.
.........# #.# #)# #...
.........# #.# #.# #.##
###.###..#####.### #.# #.#
###.# #.<......z.# #.###
#.#
.##.###.#####.##@######...#
#.# ###.#...##
#.##z.......#.# #.# #
#......# ##.##..#####.#.#
#.# #......###...#..# #.#.#
#†# ####..............###
#.#.# #.#
..###...##..........# #.#.#
#.# #.####.####.....#.#.#
#...# #.# .....#.#
##...##.#.###.### #.#
.....#.#
##.###.#.##..######.#


You could see 2 wights.

Vanquished Creatures
  Sigmund (D:4)
  A phantom (D:2)
  2 orc priests (D:4)
  Terence (D:2)
  Robin (D:2)
  An adder (D:3)
  2 dart slugs
  3 orcs (D:4)
  3 ball pythons
  6 bats
  3 endoplasms
  4 giant cockroaches
  12 goblins
  6 hobgoblins
  2 quokkas
  2 frilled lizards (D:1)
  4 kobolds
  2 rats
56 creatures vanquished.

Notes
Turn   | Place    | Note
-------+----------+-------------------------------------------
     0 | D:1      | retardedninja the Gargoyle Fighter began the quest for the
                  | Orb.
     0 | D:1      | Reached XP level 1. HP: 14/14 MP: 1/1
   137 | D:1      | Reached XP level 2. HP: 19/19 MP: 2/2
   463 | D:2      | Noticed a phantom
   480 | D:2      | Killed a phantom
   481 | D:2      | Reached skill level 4 in Armour
   481 | D:2      | Reached XP level 3. HP: 16/24 MP: 3/3
   481 | D:2      | Reached XP level 4. HP: 19/29 MP: 4/4
   483 | D:2      | Noticed Terence
   494 | D:2      | Killed Terence
   495 | D:2      | Reached XP level 5. HP: 16/33 MP: 5/5
  1038 | D:2      | Noticed Robin
  1047 | D:2      | Killed Robin
  1522 | D:3      | Found a sparkling altar of Nemelex Xobeh.
  2154 | D:4      | Found a shimmering altar of Xom.
  2160 | D:4      | Found a shadowy altar of Dithmenos.
  2232 | D:4      | Reached XP level 6. HP: 7/39 MP: 6/6
  2282 | D:4      | Noticed Sigmund
  2314 | D:4      | Killed Sigmund
  2315 | D:4      | Reached skill level 5 in Armour
  2523 | D:3      | Slain by a wight

Illustrated notes

Levels and vault maps discovered:
D:1:      lemuel_arrival_broad_hall, layout_rooms
D:2:      layout_basic, hangedman_decor_push, uniq_robin, uniq_terence
D:3:      layout_loops_ring, nicolae_overflow_crystal_walls, kennysheep_potato
D:4:      layout_basic, grunt_temple_overflow_open, uniq_edmund, uniq_duvessa,
          uniq_sigmund

Skill      XL: |  1  2  3  4  5  6 |
---------------+-------------------+-----
Fighting       | 4 |  4.9
Armour         | 4 5 |  5.0
Shields        | 4 |  4.9
Maces & Flails | 3 |  3.9

Action                     |  1- 3 |  4- 6 || total
---------------------------+-------+-------++-------
  Melee: Flail             |    50 |   152 ||   202
  Throw: Boomerang         |    10 |     5 ||    15
    Use: Potion            |       |     4 ||     4
 Armour: Scale mail        |    33 |    98 ||   131
  Dodge: Dodged            |    29 |    98 ||   127
  Block: Buckler           |     9 |    44 ||    53

Table legend: (Time is in decaauts)
 A = Elapsed time spent in this place.
 B = Non-inter-level travel time spent in this place.
 C = Inter-level travel time spent in this place.
 D = Time resting spent in this place.
 E = Time spent auto-exploring this place.
 F = Levels seen in this place.
 G = Mean time per level.
                   A        B        C        D        E       F      G
               +--------+--------+--------+--------+--------+-----+--------+
         Total |   2586 |   2555 |     31 |    364 |   1672 |   4 |  646.5 |
       Dungeon |   2586 |   2555 |     31 |    364 |   1672 |   4 |  646.5 |
               +--------+--------+--------+--------+--------+-----+--------+

Top non-repeatable levels by time:
     D:2: 1099 daAuts
     D:3: 641 daAuts
     D:1: 468 daAuts
     D:4: 376 daAuts
